 Dungeon Sprint DCSS version 0.15.2 (webtiles) character file.

23 Mood the Bolt Thrower (level 2, -7/26 HPs)
             Began as a Troll Hunter on June 26, 2016.
             Was an Initiate of Trog.
             Mangled by a deep elf mage
             ... wielding a +0 cutlass
              (15 damage)
             ... in the Dungeon (Sprint IX: "|||||||||||||||||||||||||||||").
             The game lasted 00:01:14 (237 turns).

Mood the Bolt Thrower (Troll Hunter)                 Turns: 237, Time: 00:01:14

HP  -7/26        AC  5     Str 19      XL: 2   Next: 72%
MP   1/1         EV 12     Int 10      God: Trog [......]
Gold 0           SH  0     Dex 10      Spells:  0 memorised,  1 level left

rFire  . . .     SeeInvis .       - Unarmed
rCold  . . .     Clarity  .     d - +0 animal skin
rNeg   . . .     rCorr    .     (shield restricted)
rPois  .         rRot     .     (helmet restricted)
rElec  .         Spirit   .     (no cloak)
SustAb .         Warding  .     (gloves unavailable)
rMut   .         NoTele   +     (boots unavailable)
Gourm  +                        (no amulet)
MR     .....                    m - +2 ring of evasion
                                n - +3 ring of intelligence

@: very slightly contaminated, invisible, not resistant to hostile enchantments,
very unstealthy
A: unfitting armour, claws 3, fast metabolism 3, gourmand, regeneration 2,
saprovore 2, shaggy fur 1, tough skin 2
a: Burn Spellbooks, Renounce Religion


You were in the Dungeon.
You worshipped Trog.
Trog was noncommittal.
You were not hungry.

You visited 1 branch

Inventory:

Hand weapons
 b - a +1 hand crossbow
Missiles
 c - 20 bolts
Armour
 d - a +0 animal skin (worn)
Magical devices
 l - a wand of cold (7)
Comestibles
 a - 2 meat rations
Scrolls
 j - 2 scrolls of blinking
 k - 3 scrolls of remove curse
Jewellery
 m - a +2 ring of evasion (right claw)
 n - a +3 ring of intelligence (left claw)
Potions
 e - 5 potions of curing
 f - 3 potions of heal wounds
 g - a potion of haste
 h - 4 potions of magic


   Skills:
 + Level 0.7 Fighting
 * Level 4.4 Crossbows
 + Level 1.9 Dodging
 - Level 0.4 Stealth
 * Level 1.3 Unarmed Combat


You had one spell level left.
You didn't know any spells.

Dungeon Overview and Level Annotations

Branches:
Dungeon (1/1)

Altars:
Cheibriados
Dithmenos
Elyvilon
Fedhas
Kikubaaqudgha
Makhleb
Nemelex Xobeh
Okawaru
Qazlal
Sif Muna
Trog
Vehumet
Xom
Yredelemnul
Zin
The Shining One
Beogh
Jiyva
Lugonu


Innate Abilities, Weirdness & Mutations

You are too large for most types of armour.
You have claws for hands.
Your metabolism is lightning-fast.
You like to eat raw meat.
You heal very quickly.
You can eat rotten meat.
You are covered in fur (AC +1).
You have very tough skin (AC +2).


Message History

You miss the deep elf mage.
The deep elf mage is heavily wounded.
The deep elf mage points at you and mumbles some strange words.
You scratch the deep elf mage but do no damage.
The deep elf mage is heavily wounded.
The deep elf mage misses you.
You strike the helpless deep elf mage from behind!
You scratch the deep elf mage.
The deep elf mage begins to bleed from its wounds!
The deep elf mage is heavily wounded.
The orc wizard gestures at you while chanting.
The puff of frost hits the deep elf mage.
The deep elf mage casts a spell at you.
The orc wizard points at you and mumbles some strange words.
The puff of frost hits the deep elf mage.
You barely miss the deep elf mage.
The deep elf mage is severely wounded.
The deep elf mage points at you and mumbles some strange words.
Ouch! That really hurt!
You die...

▓.▓
▓?▓
▓|▓
▓)▓
▓[▓
▓[▓
▓[▓
▓.▓
▓@▓
▓e▓
▓o▓
▓O▓
▓o▓
▓Y▓
▓a▓
▓.▓
▓+▓


You could see an orc warrior, an ice beast, a deep elf mage (bleeding), an ogre,
a worker ant and an orc wizard.

Vanquished Creatures
  An adder (D)
  A worm (D)
  2 goblins (D)
  A kobold (D)
  2 bats (D)
  A giant newt (D)
  A hobgoblin skeleton (D)
  A rat (D)
10 creatures vanquished.

Notes
Turn   | Place    | Note
--------------------------------------------------------------
     0 | D        | Mood, the Troll Hunter, began the quest for the Orb.
     0 | D        | Reached XP level 1. HP: 18/18 MP: 1/1
    10 | D        | Reached skill level 3 in Crossbows
   135 | D        | Reached skill level 4 in Crossbows
   135 | D        | Reached skill level 1 in Unarmed Combat
   135 | D        | Reached XP level 2. HP: 26/26 MP: 1/1
   181 | D        | Found a glowing silver altar of Zin.
   181 | D        | Found a glowing golden altar of the Shining One.
   181 | D        | Found an ancient bone altar of Kikubaaqudgha.
   181 | D        | Found a basalt altar of Yredelemnul.
   181 | D        | Found a shimmering altar of Xom.
   181 | D        | Found a radiant altar of Vehumet.
   181 | D        | Found an iron altar of Okawaru.
   182 | D        | Found a burning altar of Makhleb.
   183 | D        | Found a deep blue altar of Sif Muna.
   184 | D        | Found a bloodstained altar of Trog.
   185 | D        | Found a sparkling altar of Nemelex Xobeh.
   186 | D        | Found a white marble altar of Elyvilon.
   187 | D        | Found a roughly hewn altar of Beogh.
   188 | D        | Found a viscous altar of Jiyva.
   189 | D        | Found a corrupted altar of Lugonu.
   190 | D        | Found a blossoming altar of Fedhas.
   191 | D        | Found a snail-covered altar of Cheibriados.
   192 | D        | Found a shadowy altar of Dithmenos.
   193 | D        | Became a worshipper of Trog the Wrathful
   194 | D        | Found a stormy altar of Qazlal.
   222 | D        | Noticed a deep elf mage
   222 | D        | Noticed an orc wizard
   222 | D        | Noticed an ogre
   222 | D        | Noticed an orc warrior
   222 | D        | Noticed an ice beast
   222 | D        | Noticed a worker ant
   237 | D        | Mangled by a deep elf mage

Action                   || total
-------------------------++-------
Melee: Unarmed           ||    38
  Use: Potion            ||     2
 Stab: Invisible         ||     2
  Eat: Chunk             ||     3
